1773 views
Uploaded 2023-01-25 15:09:17
Game version 1.35 (6115)
32:52 long 1on1 ladder game on (2)tidehunters_v1.2 s3
Saved by aom
1773 views
Uploaded 2023-01-25 15:09:17
Game version 1.35 (6115)
32:52 long 1on1 ladder game on (2)tidehunters_v1.2 s3

58 units @ 8k
/ 0.9k
37 buildings @ 3.6k
/ 1.8k



| Lesser Clarity Potion | 5 | 350 |
| Mechanical Critter | 5 | 250 |
| Scroll of Regeneration | 7 | 700 |
| Potion of Healing | 4 | 600 |
| Potion of Mana | 2 | 400 |
| Staff of Sanctuary | 2 | 500 |
| Orb of Fire | 2 | 650 |
| Scroll of Town Portal | 2 | 700 |
| Boots of Speed | 2 | 500 |
| Circlet of Nobility | 1 | 175 |
| Potion of Lesser Invulnerability | 3 | 450 |
| Staff of Teleportation | 1 | 150 |
| total: | 36 | 5425g |
| Peasant | 22 | 1650 | / | 0 |
| Footman | 4 | 540 | / | 0 |
| Rifleman | 16 | 3280 | / | 480 |
| Priest | 8 | 1080 | / | 80 |
| Spell Breaker | 3 | 645 | / | 90 |
| Sorceress | 2 | 310 | / | 40 |
| Mortar Team | 3 | 540 | / | 210 |
| total: | 58 | 8045g | / | 900w |
| Scout Tower | 15 | 450 | / | 300 |
| Arcane Tower | 2 | 140 | / | 100 |
| Guard Tower | 7 | 490 | / | 350 |
| Altar of Kings | 1 | 180 | / | 50 |
| Farm | 8 | 640 | / | 160 |
| Barracks | 2 | 320 | / | 120 |
| Blacksmith | 1 | 140 | / | 60 |
| Arcane Vault | 3 | 390 | / | 90 |
| Lumber Mill | 1 | 120 | / | 0 |
| Town Hall | 2 | 770 | / | 410 |
| Arcane Sanctum | 2 | 300 | / | 280 |
| Workshop | 2 | 280 | / | 280 |
| Keep | 1 | 320 | / | 210 |
| Castle | 1 | 360 | / | 210 |
| total: | 37 | 3590g | / | 1750w |
| 0:02 | Peasant |
| 0:03 | Peasant |
| 0:03 | Peasant |
| 0:08 | Altar of Kings |
| 0:19 | Farm |
| 0:36 | Barracks |
| 0:43 | Peasant |
| 0:48 | Farm |
| 0:54 | Peasant |
| 1:29 | Farm |
| 1:30 | Farm |
| 1:36 | Scout Tower |
| 1:37 | Footman |
| 1:46 | Peasant |
| 1:46 | Peasant |
| 1:59 | Peasant |
| 2:07 | Blacksmith |
| 2:13 | Farm |
| 2:16 | Footman |
| 2:22 | Flame Strike |
| 2:24 | Arcane Tower |
| 2:38 | Footman |
| 2:57 | Footman |
| 3:01 | Arcane Vault |
| 3:21 | Rifleman |
| 3:26 | Farm |
| 3:34 | Siphon Mana |
| 4:00 | Peasant |
| 4:00 | Peasant |
| 4:15 | Rifleman |
| 4:19 | Arcane Vault |
| 5:09 | Keep |
| 5:24 | Boots of Speed |
| 5:50 | Rifleman |
| 6:08 | Lesser Clarity Potion |
| 6:34 | Farm |
| 6:37 | Lumber Mill |
| 6:40 | Scout Tower |
| 6:51 | Circlet of Nobility |
| 7:03 | Rifleman |
| 7:18 | Flame Strike |
| 7:24 | Rifleman |
| 7:48 | Rifleman |
| 7:51 | Long Rifles |
| 7:56 | Arcane Sanctum |
| 8:12 | Guard Tower |
| 8:26 | Mechanical Critter |
| 8:26 | Mechanical Critter |
| 8:32 | Mechanical Critter |
| 8:36 | Scroll of Regeneration |
| 8:58 | Priest |
| 9:28 | Priest |
| 9:29 | Rifleman |
| 10:10 | Siphon Mana |
| 10:46 | Rifleman |
| 10:49 | Lesser Clarity Potion |
| 10:53 | Scroll of Regeneration |
| 11:38 | Holy Light |
| 12:17 | Potion of Healing |
| 12:30 | Town Hall |
| 12:36 | Rifleman |
| 12:37 | Priest |
| 12:48 | Peasant |
| 12:48 | Peasant |
| 12:50 | Improved Lumber Harvesting |
| 13:28 | Peasant |
| 13:28 | Peasant |
| 13:44 | Potion of Lesser Invulnerability |
| 13:58 | Farm |
| 13:59 | Scroll of Regeneration |
| 14:02 | Lesser Clarity Potion |
| 14:04 | Rifleman |
| 14:25 | Scout Tower |
| 14:26 | Scout Tower |
| 14:34 | Rifleman |
| 15:05 | Guard Tower |
| 15:32 | Scout Tower |
| 15:58 | Rifleman |
| 15:59 | Arcane Sanctum |
| 16:06 | Scout Tower |
| 16:26 | Potion of Healing |
| 16:26 | Potion of Mana |
| 16:29 | Scroll of Town Portal |
| 16:35 | Scroll of Regeneration |
| 16:41 | Priest |
| 17:05 | Potion of Healing |
| 17:05 | Potion of Mana |
| 17:31 | Potion of Healing |
| 17:36 | Spell Breaker |
| 17:38 | Peasant |
| 17:38 | Peasant |
| 17:38 | Peasant |
| 17:48 | Peasant |
| 17:48 | Peasant |
| 17:54 | Peasant |
| 18:17 | Peasant |
| 18:20 | Mechanical Critter |
| 18:20 | Mechanical Critter |
| 18:32 | Scout Tower |
| 18:33 | Scout Tower |
| 18:34 | Scout Tower |
| 18:35 | Scout Tower |
| 18:41 | Scout Tower |
| 18:52 | Rifleman |
| 18:53 | Sorceress Adept Training |
| 18:59 | Priest Adept Training |
| 19:05 | Arcane Tower |
| 19:16 | Divine Shield |
| 19:22 | Guard Tower |
| 19:23 | Guard Tower |
| 19:43 | Guard Tower |
| 19:49 | Rifleman |
| 19:50 | Spell Breaker |
| 20:20 | Potion of Lesser Invulnerability |
| 20:20 | Potion of Lesser Invulnerability |
| 20:22 | Boots of Speed |
| 20:37 | Scroll of Regeneration |
| 20:46 | Rifleman |
| 20:46 | Priest |
| 21:02 | Peasant |
| 21:05 | Arcane Vault |
| 21:47 | Castle |
| 22:01 | Staff of Teleportation |
| 22:24 | Spell Breaker |
| 22:25 | Priest |
| 22:59 | Sorceress |
| 23:16 | Flame Strike |
| 24:05 | Holy Light |
| 24:35 | Workshop |
| 25:00 | Workshop |
| 25:13 | Priest Master Training |
| 25:13 | Sorceress Master Training |
| 25:49 | Town Hall |
| 25:51 | Scout Tower |
| 25:52 | Scout Tower |
| 25:53 | Scout Tower |
| 25:54 | Scout Tower |
| 26:03 | Scroll of Regeneration |
| 26:11 | Scroll of Regeneration |
| 26:21 | Staff of Sanctuary |
| 26:21 | Orb of Fire |
| 26:23 | Lesser Clarity Potion |
| 26:25 | Lesser Clarity Potion |
| 26:32 | Mortar Team |
| 26:33 | Fragmentation Shards |
| 26:56 | Rifleman |
| 27:00 | Barracks |
| 28:11 | Divine Shield |
| 28:21 | Guard Tower |
| 28:21 | Guard Tower |
| 28:26 | Storm Bolt |
| 28:35 | Scroll of Town Portal |
| 28:42 | Staff of Sanctuary |
| 28:42 | Orb of Fire |
| 29:45 | Mortar Team |
| 29:46 | Priest |
| 29:46 | Sorceress |
| 29:58 | Bash |
| 30:11 | Summon Phoenix |
| 30:24 | Mortar Team |
| 30:24 | Priest |
| 31:15 | Control Magic |
| 31:15 | Magic Sentry |
| 32:05 | Black Gunpowder |
| 32:06 | Iron Forged Swords |
| 32:06 | Studded Leather Armor |
| 32:06 | Iron Plating |
| 32:27 | Holy Light |
| 32:51 | Storm Bolt |
| Select | 1750 |
| Right click | 1547 |
| Select group | 1154 |
| Misc. action | 434 |
| Build/train/purchase | 191 |
| Use ability | 127 |
| Assign group | 86 |
| Chat | 11 |
| Item give/drop | 4 |
| Esc | 4 |
46 units @ 6.3k
/ 0.7k
22 buildings @ 3.6k
/ 1k


| Rod of Necromancy | 4 | 600 |
| Ritual Dagger | 5 | 625 |
| Potion of Healing | 3 | 450 |
| Potion of Mana | 4 | 800 |
| Orb of Corruption | 2 | 750 |
| Dust of Appearance | 1 | 75 |
| Scroll of Town Portal | 1 | 350 |
| total: | 20 | 3650g |
| Acolyte | 17 | 1275 | / | 0 |
| Ghoul | 12 | 1440 | / | 0 |
| Crypt Fiend | 8 | 1720 | / | 320 |
| Gargoyle | 1 | 175 | / | 30 |
| Obsidian Statue | 6 | 1200 | / | 210 |
| Abomination | 2 | 480 | / | 140 |
| total: | 46 | 6290g | / | 700w |
| Nerubian Tower | 3 | 300 | / | 60 |
| Spirit Tower | 1 | 145 | / | 40 |
| Altar of Darkness | 2 | 360 | / | 100 |
| Ziggurat | 9 | 1350 | / | 450 |
| Crypt | 2 | 400 | / | 100 |
| Graveyard | 1 | 215 | / | 0 |
| Tomb of Relics | 4 | 520 | / | 120 |
| Necropolis | 2 | 450 | / | 0 |
| Slaughterhouse | 2 | 280 | / | 270 |
| Halls of the Dead | 1 | 320 | / | 210 |
| Black Citadel | 1 | 325 | / | 230 |
| total: | 22 | 3575g | / | 1040w |
| 0:09 | Acolyte |
| 0:09 | Acolyte |
| 0:11 | Altar of Darkness |
| 0:13 | Ziggurat |
| 0:39 | Crypt |
| 1:00 | Ziggurat |
| 1:20 | Graveyard |
| 1:54 | Tomb of Relics |
| 2:05 | Acolyte |
| 2:07 | Ghoul |
| 2:09 | Ghoul |
| 2:12 | Death Coil |
| 2:31 | Nerubian Tower |
| 2:33 | Ghoul |
| 2:41 | Ghoul |
| 2:58 | Ghoul |
| 2:59 | Ghoul |
| 3:13 | Unholy Strength |
| 3:20 | Ziggurat |
| 4:15 | Halls of the Dead |
| 4:25 | Crypt Fiend |
| 4:29 | Rod of Necromancy |
| 4:37 | Ritual Dagger |
| 4:55 | Tomb of Relics |
| 5:08 | Unholy Aura |
| 5:16 | Ghoul |
| 6:12 | Ghoul |
| 6:12 | Ghoul |
| 6:16 | Creature Attack |
| 6:55 | Ziggurat |
| 7:01 | Crypt Fiend |
| 7:31 | Cannibalize |
| 7:42 | Death Coil |
| 8:10 | Gargoyle |
| 8:24 | Slaughterhouse |
| 9:34 | Black Citadel |
| 9:52 | Rod of Necromancy |
| 9:53 | Potion of Healing |
| 9:53 | Potion of Mana |
| 9:58 | Crypt Fiend |
| 10:31 | Dust of Appearance |
| 10:48 | Crypt Fiend |
| 10:51 | Obsidian Statue |
| 11:19 | Creature Carapace |
| 11:40 | Frost Nova |
| 12:35 | Acolyte |
| 12:35 | Acolyte |
| 12:35 | Acolyte |
| 12:35 | Acolyte |
| 12:41 | Ghoul Frenzy |
| 12:47 | Unholy Aura |
| 13:30 | Potion of Healing |
| 13:33 | Rod of Necromancy |
| 13:36 | Ritual Dagger |
| 13:48 | Ghoul |
| 14:31 | Acolyte |
| 15:40 | Orb of Corruption |
| 16:23 | Necropolis |
| 16:25 | Acolyte |
| 18:00 | Abomination |
| 18:01 | Disease Cloud |
| 18:04 | Obsidian Statue |
| 18:05 | Crypt Fiend |
| 18:09 | Improved Creature Attack |
| 18:20 | Rod of Necromancy |
| 18:21 | Ritual Dagger |
| 18:34 | Crypt Fiend |
| 18:43 | Acolyte |
| 18:43 | Acolyte |
| 18:43 | Acolyte |
| 18:51 | Unholy Armor |
| 19:55 | Slaughterhouse |
| 20:01 | Ghoul |
| 20:01 | Ghoul |
| 21:14 | Ritual Dagger |
| 21:23 | Obsidian Statue |
| 21:24 | Crypt Fiend |
| 21:27 | Obsidian Statue |
| 21:34 | Crypt |
| 21:41 | Ziggurat |
| 21:42 | Acolyte |
| 21:44 | Ziggurat |
| 21:46 | Tomb of Relics |
| 21:56 | Potion of Mana |
| 22:16 | Acolyte |
| 22:17 | Acolyte |
| 22:44 | Frost Armor |
| 23:12 | Abomination |
| 23:14 | Obsidian Statue |
| 23:28 | Spirit Tower |
| 23:28 | Nerubian Tower |
| 23:33 | Acolyte |
| 23:35 | Potion of Healing |
| 23:36 | Potion of Mana |
| 23:36 | Orb of Corruption |
| 23:54 | Death Coil |
| 24:11 | Crypt Fiend |
| 24:45 | Altar of Darkness |
| 24:50 | Obsidian Statue |
| 24:58 | Destroyer Form |
| 25:11 | Ziggurat |
| 25:12 | Ziggurat |
| 25:12 | Ziggurat |
| 25:27 | Scroll of Town Portal |
| 25:27 | Ritual Dagger |
| 25:28 | Potion of Mana |
| 26:17 | Necropolis |
| 27:19 | Frost Armor |
| 29:06 | Tomb of Relics |
| 29:47 | Frost Nova |
| 30:10 | Acolyte |
| 32:00 | Nerubian Tower |
| Select group | 1490 |
| Right click | 988 |
| Select | 878 |
| Misc. action | 190 |
| Build/train/purchase | 145 |
| Use ability | 70 |
| Assign group | 54 |
| Item give/drop | 3 |
| Chat | 3 |
| Remove unit | 2 |
| Esc | 2 |
| Minimap ping | 1 |